 Dungeon Crawl Stone Soup version 0.31-a0-702-gf82c85558f (webtiles) character file.

Game seed: 2286067499783451561

565 qw the Shooter (level 7, -1/43 HPs)
             Began as a Gargoyle Hunter on Sept 8, 2023.
             Slain by an ogre
             ... wielding a +0 giant spiked club
              (8 damage)
             ... on level 4 of the Dungeon.
             The game lasted 00:01:15 (2951 turns).

qw the Shooter (Gargoyle Hunter)                    Turns: 2951, Time: 00:01:16

Health: -1/43      AC: 12    Str: 15    XL:     7   Next: 32%
Magic:  7/7        EV: 12    Int:  9    God:
Gold:   158        SH:  0    Dex: 15    Spells: 6/6 levels left

rFire   . . .        Y - +0 shortbow
rCold   . . .        (shield currently unavailable)
rNeg    + . .        c - +0 leather armour
rPois   inf          a - +2 helmet
rElec   +            (no cloak)
rCorr   .            g - +0 pair of gloves
SInv    .            (no boots)
Will    .....        (no amulet)
Stlth   ++           (no ring)
HPRegen 0.27/turn    (no ring)
MPRegen 0.10/turn

%: no passive effects
@: no status effects
A: sickness immunity, AC +4, negative energy resistance 1, electricity
resistance, torment resistance 1, petrification resistance
a: no special abilities


You were on level 4 of the Dungeon.
You visited 1 branch of the dungeon, and saw 4 of its levels.

You collected 158 gold pieces.


Innate Abilities, Weirdness & Mutations

You are immune to sickness and miasma.
Your stone body is resilient. (AC +4)
You are immune to poison.
You resist negative energy. (rN+)
You are resistant to electric shocks. (rElec)
You are resistant to unholy torment.
You are immune to petrification.


   Skills:
 - Level 4.0 Fighting
 + Level 7.7 Ranged Weapons
 - Level 1.0 Armour
 - Level 2.1 Dodging
 - Level 1.1 Stealth


You had 6 spell levels left.
You didn't know any spells.
Your spell library was empty.

Inventory:

Hand Weapons
 Y - a +0 shortbow (weapon)
Armour
 a - a +2 helmet (worn)
 c - a +0 leather armour (worn)
 g - a +0 pair of gloves (worn)
Potions
 d - 2 potions of curing
 f - a potion of invisibility {unknown}
 h - a potion of enlightenment {unknown}

Dungeon Overview and Level Annotations

Branches:
Dungeon (4/15)
 Temple: D:4-7

Altars:

Annotations:
D:3 Eustachio


Message History

You shoot an arrow. The arrow barely misses the black bear.
The orc closely misses you. The orc misses you. The orc closely misses you.
The kobold hits you but does no damage. The kobold closely misses you.
The black bear bites you!
The black bear claws you but does no damage.
The black bear claws you.
You shoot an arrow. The arrow hits the black bear!
The black bear is moderately wounded.
The kobold barely misses you. The orc hits you but does no damage. x2
The orc barely misses you. The kobold hits you but does no damage.
The black bear bites you but does no damage.
The black bear closely misses you. The black bear claws you.
You shoot an arrow. The arrow hits the black bear!
The black bear is heavily wounded.
The kobold hits you but does no damage. The orc misses you.
The orc closely misses you. The kobold hits you but does no damage.
The orc hits you but does no damage. The black bear barely misses you.
The black bear closely misses you. The black bear barely misses you.
An endoplasm comes into view.
A giant cockroach comes into view.
You shoot an arrow. The endoplasm quivers.
The arrow hits the black bear!
The black bear is almost dead.
The orc hits you but does no damage. x2; The kobold hits you but does no damage.
The orc barely misses you. The kobold barely misses you.
The black bear goes berserk!
The black bear bites you. The black bear claws you.
The black bear closely misses you. The orc closely misses you. x2
The orc hits you but does no damage. The kobold barely misses you.
The kobold closely misses you.
You shoot an arrow. The arrow hits the black bear!
You kill the black bear!
The kobold hits you with a +0 whip. The orc closely misses you.
The orc hits you but does no damage. The orc barely misses you.
The kobold hits you with a +0 short sword.
You shoot an arrow. The arrow hits the ogre.
The ogre is moderately wounded.
The kobold hits you but does no damage. The orc hits you but does no damage.
The kobold hits you but does no damage.
The ogre hits you with a +0 giant spiked club!
You die...

.........#
##.........
.#######.......#.#
......#.....>..#...
.............. #.#
.....#.#..... ...
###.....#...... ..
###...Oo)......
....J.K@o....#
.#:.B..Ko.?...#
...............
...............
#.........?....
#[.............
#......).......
##............#


You could see an ogre, 3 orcs, an endoplasm, a giant cockroach and 2 kobolds.

Vanquished Creatures
  Grinder (D:3)
  A black bear (D:4)
  A hound (D:4)
  Jessica (D:2)
  Natasha (thrice) (D:3)
  Robin (D:3)
  4 gnolls (D:3)
  3 adders
  2 dart slugs
  5 orcs
  4 bats
  6 endoplasms
  3 giant cockroaches
  17 goblins
  2 hobgoblins (D:1)
  4 kobolds
  3 quokkas
  4 ball pythons
  2 frilled lizards
  7 rats
74 creatures vanquished.

Notes
Turn   | Place    | Note
-------+----------+-------------------------------------------
     0 | D:1      | qw the Gargoyle Hunter began the quest for the Orb.
     0 | D:1      | Reached XP level 1. HP: 12/12 MP: 1/1
     0 | D:1      | 0 ||| qw: Version: 0.3-a-76-g4403597
     0 | D:1      | 0 ||| qw: Game counter: 974
     0 | D:1      | 0 ||| qw: Melee chars always use a shield: true
     0 | D:1      | 0 ||| qw: God list: Okawaru
     0 | D:1      | 0 ||| qw: Allow faded altars: false
     0 | D:1      | 0 ||| qw: Do Orc after clearing Dungeon:15 true
     0 | D:1      | 0 ||| qw: Do second Lair branch before Depths: true
     0 | D:1      | 0 ||| qw: Lair rune preference: random
     0 | D:1      | 0 ||| qw: Goals: Normal
     0 | D:1      | 0 ||| PLANNING D:1-11
    51 | D:1      | Found a faded altar of an unknown god.
   300 | D:1      | Reached XP level 2. HP: 13/17 MP: 2/2
   515 | D:1      | 515 ||| UPGRADING to +0 pair of gloves.
   520 | D:1      | 520 ||| READING scroll labelled OKHLI BYLUM.
   523 | D:1      | 523 ||| DRINKING 2 purple potions.
   524 | D:1      | 524 ||| DROPPING scroll of butterflies.
   722 | D:2      | Reached XP level 3. HP: 21/21 MP: 3/3
   756 | D:2      | Reached skill level 5 in Ranged Weapons
  1213 | D:2      | Noticed Jessica
  1227 | D:2      | Killed Jessica
  1228 | D:2      | Reached skill level 3 in Fighting
  1228 | D:2      | Reached XP level 4. HP: 28/28 MP: 4/4
  1593 | D:2      | 1593 ||| READING scroll labelled ESKIHO UT JUZ.
  1614 | D:2      | 1614 ||| READING scroll labelled VOITUY JIOCSA.
  1615 | D:2      | 1615 ||| READING scroll labelled CILICONUBEAXT.
  1616 | D:2      | 1616 ||| READING scroll labelled BIAFAG GIJACH.
  1715 | D:3      | 1715 ||| Stepping ~*~*~tactically~*~*~ (retreating).
  1716 | D:3      | 1716 ||| Stepping ~*~*~tactically~*~*~ (retreating).
  1907 | D:3      | Noticed Natasha
  1922 | D:3      | Killed Natasha
  1923 | D:3      | Reached XP level 5. HP: 17/32 MP: 5/5
  1993 | D:3      | Noticed Robin
  2000 | D:3      | 2000 ||| Stepping ~*~*~tactically~*~*~ (outnumbered).
  2009 | D:3      | Killed Robin
  2010 | D:3      | Reached skill level 6 in Ranged Weapons
  2016 | D:3      | HP: 8/32 [rat (1)]
  2021 | D:3      | HP: 6/32 [rat (2)]
  2195 | D:3      | Reached skill level 1 in Armour
  2203 | D:3      | Noticed Natasha
  2207 | D:3      | 2207 ||| Stepping ~*~*~tactically~*~*~ (outnumbered).
  2222 | D:3      | Killed Natasha
  2479 | D:3      | Noticed Natasha
  2483 | D:3      | Killed Natasha
  2484 | D:3      | Reached XP level 6. HP: 34/38 MP: 6/6
  2520 | D:3      | Noticed Grinder
  2526 | D:3      | Paralysed by Grinder for 3 turns
  2533 | D:3      | Paralysed by Grinder for 3 turns
  2543 | D:3      | Killed Grinder
  2544 | D:3      | Reached skill level 7 in Ranged Weapons
  2684 | D:3      | 2684 ||| UPGRADING to +2 helmet.
  2689 | D:3      | 2689 ||| READING 2 scrolls labelled FISCHY WUUSITZ.
  2690 | D:3      | 2690 ||| READING scroll labelled MUUTZA ZENUE.
  2691 | D:3      | 2691 ||| DROPPING scroll of fear.
  2761 | D:4      | 2761 ||| PLANNING SEWER
  2782 | D:4      | Reached XP level 7. HP: 43/43 MP: 7/7
  2789 | D:4      | Noticed Eustachio
  2792 | D:4      | 2792 ||| RETREATING.
  2810 | D:4      | 2810 ||| FLEEEEING.
  2811 | D:4      | 2811 ||| STAIRDANCE
  2851 | D:4      | 2851 ||| STAIRDANCE
  2854 | D:3      | 2854 ||| FLEEEEING.
  2856 | D:3      | 2856 ||| FLEEEEING.
  2859 | D:3      | 2859 ||| FLEEEEING.
  2860 | D:3      | 2860 ||| FLEEEEING.
  2869 | D:3      | 2869 ||| FLEEEEING.
  2870 | D:3      | 2870 ||| FLEEEEING.
  2871 | D:3      | 2871 ||| FLEEEEING.
  2881 | D:3      | 2881 ||| FLEEEEING.
  2882 | D:3      | 2882 ||| STAIRDANCE
  2949 | D:4      | HP: 9/43 [black bear (2)]
  2951 | D:4      | Slain by an ogre

Levels and vault maps discovered:
D:1:      orjb1_lava_funnel, layout_loops_cross,
          chequers_ecumenical_altar_simple_redux
D:2:      layout_basic, uniq_jessica
D:3:      minmay_chambers_of_twos, layout_loops_ring, uniq_crazy_yiuf_cottage,
          uniq_grinder, uniq_natasha, uniq_robin
D:4:      layout_rooms, mainiacjoe_overflow_catwalk, gup_sewer_entry_bowl,
          skrybe_limestone_x, minmay_bent, uniq_eustachio

Skill      XL: |  1  2  3  4  5  6  7 |
---------------+----------------------+-----
Ranged Weapons | 5 6 7 |  7.7
Fighting       | 3 4 |  4.0
Armour         | 1 |  1.0
Dodging        | 2 |  2.1
Stealth        | |  1.1

Action                     |  1- 3 |  4- 6 |  7- 9 || total
---------------------------+-------+-------+-------++-------
   Fire: Shortbow          |    90 |   165 |    46 ||   301
    Use: Scroll            |     1 |     6 |       ||     7
         Potion            |     1 |       |       ||     1
 Armour: Leather armour    |    19 |   115 |    80 ||   214
  Dodge: Dodged            |    24 |    80 |    70 ||   174

Table legend:
 A = Non-vault XP
 B = Vault XP
 C = Vault XP percentage of total XP
 D = Non-vault monster count
 E = Vault monster count
 F = Vault count percentage of total count
                 A         B        C        D         E       F
            +---------+---------+-------+---------+---------+-------
      Total |     392 |     416 |  51.5 |      52 |      22 |  29.7
            +---------+---------+-------+---------+---------+-------
        D:1 |      28 |       0 |   0.0 |      14 |       0 |   0.0
        D:2 |      26 |      37 |  58.7 |      15 |       1 |   6.2
        D:3 |     146 |     379 |  72.2 |      17 |      21 |  55.3
        D:4 |     192 |       0 |   0.0 |       6 |       0 |   0.0
            +---------+---------+-------+---------+---------+-------
